 Dungeon Crawl Stone Soup version 0.32-a0-612-g1c984fe9d1 (webtiles) character file.

Game seed: 9880002459948884963

11508 Darkkill the Fighter (level 11, -1/102 HPs)
             Began as a Minotaur Hunter on Mar 4, 2024.
             Was an Initiate of Gozag.
             Slain by a vampire (9 damage)
             ... on level 12 of the Dungeon.
             The game lasted 00:18:19 (10459 turns).

Darkkill the Fighter (Minotaur Hunter)             Turns: 10459, Time: 00:18:20

Health: -1/102     AC:  6    Str: 17    XL:     11   Next: 50%
Magic:  10/10      EV: 24    Int:  6    God:    Gozag
Gold:   356        SH:  5    Dex: 21    Spells: 10/10 levels left

rFire   . . .        a - +0 arbalest
rCold   . . .        (shield currently unavailable)
rNeg    . . .        c - +0 leather armour
rPois   +            (helmet restricted)
rElec   +            (no cloak)
rCorr   .            (no gloves)
SInv    +            h - +2 pair of boots
Will    .....        o - amulet "Earthly Heaven" {Reflect ^Contam +Inv rPois Dex+4 SH+5}
Stlth   ++++         g - +5 ring of evasion
HPRegen 0.37/turn    I - ring "Bohixewk" {rElec SInv}
MPRegen 0.12/turn

%: reflection
@: no status effects
A: horns 2, retaliatory headbutt
a: Renounce Religion, Evoke Invisibility, Potion Petition, Call Merchant, Bribe
Branch


You were on level 12 of the Dungeon.
You worshipped Gozag.
Gozag was aware of your devotion.
You visited 2 branches of the dungeon, and saw 13 of its levels.

You collected 1449 gold pieces.
You spent 390 gold pieces at shops.
You paid 703 gold pieces to Gozag.

Inventory:

Hand Weapons
 a - a +0 arbalest (weapon)
 b - a +5 great sword of freezing
Missiles
 f - 9 boomerangs
 i - 146 stones
 u - 39 poisoned darts
 v - 3 curare-tipped darts {=f !f}
 G - 2 throwing nets {=f !f}
Armour
 c - a +0 leather armour (worn)
 h - a +2 pair of boots (worn)
 n - the +3 ring mail "Hestrab" {rC+ MP+9}
   (You found it on level 11 of the Dungeon)

   rC+:       It protects you from cold.
   MP+9:      It affects your magic capacity (+9).
Magical Staves
 L - a staff of conjuration
Jewellery
 g - a +5 ring of evasion (left hand)
 o - the amulet "Earthly Heaven" (around neck) {Reflect ^Contam +Inv rPois Dex+4 SH+5}
   (You acquired it on level 3 of the Dungeon)

   [amulet of reflection]

   Reflect:   It reflects blocked missile attacks.
   Dex+4:     It affects your dexterity (+4).
   rPois:     It protects you from poison.
   +Inv:      It lets you turn invisible.
   ^Contam:   It causes magical contamination when unequipped.
   SH+5:      It affects your SH (+5).
 I - the ring "Bohixewk" (right hand) {rElec SInv}
   (You found it on level 10 of the Dungeon)

   [ring of see invisible]

   rElec:     It insulates you from electricity.
   SInv:      It lets you see invisible.
Wands
 p - a wand of flame (5)
 r - a wand of iceblast (5)
 s - a wand of digging (3)
 y - a wand of mindburst (18)
 H - a wand of polymorph (9)
Scrolls
 e - a scroll of butterflies
 j - 4 scrolls of fear
 m - 7 scrolls of teleportation
 q - 3 scrolls of identify {@r1}
 z - 2 scrolls of amnesia
 B - 3 scrolls of fog
 E - 2 scrolls of poison
Potions
 d - a potion of magic
 l - 3 potions of mutation
 x - 3 potions of attraction
 A - 4 potions of haste
 C - a potion of ambrosia


   Skills:
 + Level 11.3 Fighting
 + Level 11.1 Ranged Weapons
 + Level 10.4 Dodging
 + Level 8.5 Stealth


You had 10 spell levels left.
You didn't know any spells.
Your spell library contained the following spells:

 Spells                   Type           Power      Damage    Failure   Level
 Shock                    Conj/Air       0%         1d3       52%         1
 Swiftness                Air            0%         N/A       88%         3
 Airstrike                Air            0%         2d(0-16)  99%         4
 Cause Fear               Hex            0%         N/A       99%         4
 Fireball                 Conj/Fire      0%         3d3       100%        5
 Dragon's Call            Summ           0%         N/A       100%        9


Dungeon Overview and Level Annotations

Branches:
Dungeon (12/15)            Temple (1/1) D:4            Lair (0/5) D:8
    Orc (0/2) D:9

Altars:
Ashenzari
Cheibriados
Dithmenos
Elyvilon
Fedhas
Gozag
Hepliaklqana
Kikubaaqudgha
Makhleb
Nemelex Xobeh
Okawaru
Qazlal
Ru
Sif Muna
Trog
Uskayaw
Vehumet
Wu Jian
Xom
Yredelemnul
Zin
The Shining One

Shops:
D:5 ?   D:7 ?   D:10 *   D:11 (

Annotations:
Temple 4 transporters


Innate Abilities, Weirdness & Mutations

You have a pair of horns on your head.
You reflexively headbutt those who attack you in melee.


Message History

The wraith closely misses you. You furiously retaliate!
You headbutt the wraith, but do no damage.
The wraith hits you.
You shoot a bolt. The bolt hits the wraith.
You destroy the wraith!
The vampire gestures at you while chanting.
You are confused.
The vampire hits you. The vampire completely misses you.
The vampire closely misses you. The vampire bites you.
The vampire draws strength from your injuries!
You bump into the rock wall.
The vampire hits you! The vampire misses you.
You're too confused to move!
You feel yourself speed up. The vampire completely misses you.
The vampire barely misses you. The vampire misses you.
The vampire barely misses you.
You bump into the rock wall.
The vampire gestures wildly while chanting.
The vampire flickers and vanishes for a moment.
You're too confused to move!
The vampire hits you but does no damage.
The vampire completely misses you.
You feel less confused. The vampire hits you.
The vampire completely misses you.
You shoot a bolt. The bolt barely misses the vampire.
The vampire misses you. The vampire barely misses you.
You shoot a bolt. The bolt barely misses the vampire.
You block the vampire's attack. The vampire completely misses you.
You shoot a bolt. The bolt hits the vampire!
The vampire is almost destroyed.
The vampire gestures at you while chanting.
You resist with some effort. The vampire draws life force from you!!
The vampire is healed by the life force!
You shoot a bolt. The bolt closely misses the vampire.
The vampire completely misses you. The vampire barely misses you.
You shoot a bolt. The bolt closely misses the vampire.
The vampire barely misses you. The vampire completely misses you. x2
You furiously retaliate!
You headbutt the vampire. The vampire completely misses you.
You shoot a bolt.
The bolt hits the vampire but does no damage.
The vampire is heavily damaged.
The vampire draws life force from you!
The vampire is healed by the life force!
You shoot a bolt. The bolt hits the vampire.
The vampire is moderately damaged.
You block the vampire's attack.
The vampire bites you but does no damage.
You shoot a bolt. The bolt hits the vampire!
The vampire is severely damaged.
The vampire draws life force from you!
* * * LOW HITPOINT WARNING * * *
The vampire is healed by the life force!
You shoot a bolt.
The bolt hits the vampire but does no damage.
The vampire is heavily damaged.
The vampire hits you.
* * * LOW HITPOINT WARNING * * *
The vampire closely misses you. The vampire barely misses you.
The vampire misses you.
You shoot a bolt. The bolt closely misses the vampire.
The vampire draws life force from you!
* * * LOW HITPOINT WARNING * * *
The vampire is healed by the life force!
You shoot a bolt. The bolt hits the vampire.
The vampire is moderately damaged.
The vampire hits you but does no damage.
You block the vampire's attack. The vampire closely misses you.
The vampire barely misses you.
You shoot a bolt. The bolt closely misses the vampire.
The vampire hits you!
* * * LOW HITPOINT WARNING * * *
You block the vampire's attack.
You feel better. The vampire barely misses you. You block the vampire's attack.
You shoot a bolt.
The bolt hits the vampire but does no damage.
The vampire is moderately damaged.
The vampire closely misses you. You furiously retaliate!
You headbutt the vampire, but do no damage.
The vampire misses you. The vampire hits you!
* * * LOW HITPOINT WARNING * * *
The vampire misses you.
Blink to where?
Press: ? - help, Q - select action, (/) - cycle Dir - move target, p - vampire
As you read the scroll of blinking, it crumbles to dust.
Aiming: Mindburst
Press: ? - help, Q - select action, (/) - cycle Shift-Dir - straight line, f - vampire
Aim: a vampire (moderately damaged, slightly transparent, chance to affect: 47%)
The vampire's mind is blasted!
Aiming: Mindburst
Press: ? - help, Q - select action, (/) - cycle Shift-Dir - straight line, f/p - vampire
Aim: a vampire (heavily damaged, slightly transparent, chance to affect: 47%)
The vampire resists with some effort.
Aiming: Mindburst
Press: ? - help, Q - select action, (/) - cycle Shift-Dir - straight line, f/p - vampire
Aim: a vampire (heavily damaged, slightly transparent, chance to affect: 47%)
The vampire resists with some effort.
The vampire hits you.
* * * LOW HITPOINT WARNING * * *
The vampire bites you!
You die...
Your body crumbles into a pile of gold.

##############
##@...........####
#
#.V.##....<.......
.ß.
#.#.##.###########
..[P.##.#.##.#
......$.#....#
##...#######.#
...# ..# .. ..#
###


You could see a vampire (invisible).

Vanquished Creatures
  Snorg (D:10)
  Pikel (D:8)
  A manticore (D:11)
  Joseph (D:8)
  A gargoyle (D:11)
  A komodo dragon (D:8)
  2 kobold demonologists (D:10)
  2 trolls
  Prince Ribbit (D:9)
  10 yaks
  A wraith (D:12)
  A steam dragon (D:6)
  Grum (D:10)
  3 vampire mosquitoes (D:10)
  4 water moccasins
  An acid dragon (D:10)
  2 orc warriors
  A black bear (D:7)
  5 sky beasts
  A swamp drake (D:10)
  2 wolves (D:10)
  2 centaurs (D:8)
  A phantom (D:7)
  7 kobold brigands
  2 scorpions
  3 bullfrogs
  2 gnoll sergeants
  20 wights
  12 killer bees
  An electric eel (D:11)
  4 howler monkeys
  2 bombardier beetles (D:4)
  A crimson imp (D:7)
  4 jellies
  A gnoll bouda (D:6)
  5 orc priests
  3 hounds
  An iguana (D:6)
  2 sleepcaps (D:6)
  A human skeleton (D:8)
  12 orc wizards
  A hound skeleton (D:8)
  19 gnolls
  9 adders
  3 white imps
  4 ufetubi
  3 ribbon worms
  2 dart slugs
  40 orcs
  2 endoplasms (D:1)
  3 giant cockroaches
  7 goblins
  5 hobgoblins
  6 jackals (D:1)
  5 quokkas
  4 ball pythons
  7 bats
  4 frilled lizards
  A goblin skeleton (D:7)
  A goblin zombie (D:7)
  A hobgoblin zombie (D:7)
  23 kobolds
  A kobold skeleton (D:7)
  A kobold zombie (D:7)
  2 orc skeletons (D:7)
  6 rats
289 creatures vanquished.

Vanquished Creatures (others)
  A troll (D:11)
  A bombardier beetle (D:4)
  An orc (D:5)
3 creatures vanquished.

Grand Total: 292 creatures vanquished

Notes
Turn   | Place    | Note
-------+----------+-------------------------------------------
     0 | D:1      | Darkkill the Minotaur Hunter began the quest for the Orb.
     0 | D:1      | Reached XP level 1. HP: 18/18 MP: 0/0
   115 | D:1      | Reached skill level 1 in Stealth
   130 | D:1      | Reached XP level 2. HP: 25/25 MP: 1/1
   441 | D:1      | Reached XP level 3. HP: 31/31 MP: 2/2
   810 | D:2      | Reached XP level 4. HP: 38/38 MP: 3/3
   943 | D:2      | Found a faded altar of an unknown god.
  1013 | D:2      | Reached skill level 5 in Ranged Weapons
  1525 | D:3      | Reached XP level 5. HP: 41/46 MP: 4/4
  1949 | D:3      | Noticed a sky beast
  1959 | D:3      | Killed a sky beast
  1960 | D:3      | Reached XP level 6. HP: 25/53 MP: 5/5
  2442 | D:3      | Identified a scroll of acquirement
  2442 | D:3      | Acquired the amulet "Earthly Heaven" {Reflect ^Contam +Inv
                  | rPois Dex+4 SH+5}
  2625 | D:4      | Found a snail-covered altar of Cheibriados.
  2794 | D:4      | Found a basalt altar of Yredelemnul.
  2878 | D:4      | Found a staircase to the Ecumenical Temple.
  3087 | Temple   | Found a transporter.
  3087 | Temple   | Found a transporter.
  3087 | Temple   | Found a transporter.
  3087 | Temple   | Found a transporter.
  3087 | Temple   | Entered the Ecumenical Temple
  3144 | D:5      | Entered Level 5 of the Dungeon
  3155 | D:5      | Noticed a water moccasin
  3168 | D:4      | Reached skill level 5 in Fighting
  3168 | D:4      | Reached XP level 7. HP: 35/61 MP: 6/6
  3442 | D:5      | Found a stormy altar of Qazlal.
  3444 | D:5      | Found a blossoming altar of Fedhas.
  3575 | D:5      | Found Xowedeg's Magic Scroll Shop.
  3578 | D:5      | Bought a scroll of enchant armour for 105 gold pieces
  3578 | D:5      | Bought a scroll of enchant weapon for 105 gold pieces
  3915 | D:6      | Reached skill level 5 in Dodging
  3960 | D:6      | Noticed a steam dragon
  3965 | D:6      | Killed a steam dragon
  3970 | D:6      | Reached XP level 8. HP: 64/70 MP: 7/7
  4840 | D:6      | Reached skill level 5 in Stealth
  4984 | D:7      | Found Teah's Magic Scroll Boutique.
  5063 | D:7      | Bought a scroll of enchant weapon for 90 gold pieces
  5063 | D:7      | Bought a scroll of enchant weapon for 90 gold pieces
  5349 | D:7      | Reached XP level 9. HP: 79/79 MP: 8/8
  5385 | D:7      | Found a glowing golden altar of the Shining One.
  6037 | D:8      | Reached XP level 10. HP: 84/91 MP: 9/9
  6091 | D:8      | Noticed Joseph
  6114 | D:8      | Killed Joseph
  6329 | D:8      | Found a staircase to the Lair.
  6548 | D:8      | Noticed Pikel
  6756 | D:8      | Found a sparkling altar of Nemelex Xobeh.
  6756 | D:8      | Found an opulent altar of Gozag.
  6763 | D:8      | Became a worshipper of Gozag Ym Sagoz the Greedy
  6906 | D:8      | Killed Pikel
  7088 | D:8      | Found a burning altar of Makhleb.
  7326 | D:9      | Reached skill level 10 in Fighting
  7490 | D:9      | Reached skill level 10 in Ranged Weapons
  7848 | D:9      | Noticed Prince Ribbit
  7853 | D:9      | Killed Prince Ribbit
  8272 | D:9      | Found a staircase to the Orcish Mines.
  8580 | D:10     | Entered Level 10 of the Dungeon
  8606 | D:10     | Noticed Snorg
  8617 | D:10     | Killed Snorg
  8618 | D:10     | Reached XP level 11. HP: 79/101 MP: 10/10
  8636 | D:10     | Noticed Grum
  8640 | D:10     | Killed Grum
  8775 | D:10     | Found a sacrificial altar of Ru.
  8850 | D:10     | Identified the ring "Bohixewk" {rElec SInv}
  8973 | D:10     | Reached skill level 10 in Dodging
  9151 | D:10     | Found Ronniub's General Store.
  9574 | D:11     | Identified the +3 ring mail "Hestrab" {rC+ MP+9}
  9665 | D:11     | Found a broken altar of Ashenzari.
 10451 | D:12     | HP: 13/102 [vampire/vampiric draining (14)]
 10459 | D:12     | HP: 8/102 [vampire (2)]
 10459 | D:12     | Slain by a vampire

Illustrated notes

Levels and vault maps discovered:
D:1:      psy_arrival_spokes, layout_rooms
D:2:      cheibrodos_pilgrimage, layout_rooms,
          shapermc_ecumenical_altar_notcrosses
D:3:      layout_loops_corners
D:4:      layout_rooms, amcnicky_altar_gilded, slow_altar_2,
          minmay_temple_entry_overgrown
D:5:      layout_basic, grunt_temple_overflow_forces_of_nature, serial_shops,
          nicolae_shop_rolled_up
D:6:      minmay_spotlight, layout_basic, nrook_pool_corridor,
          grunt_ministairs_5, nicolae_figureground_sparkle
D:7:      layout_cave_pools, nicolae_tso_besieged_by_evil, serial_shops, shop,
          chequers_serial_rivers_room_b
D:8:      layout_cave_pools, grunt_temple_overflow_opulence,
          makhleb_blood_cavern_becter, david_lair_shrubbed, uniq_joseph,
          uniq_pikel
D:9:      layout_cave_pods, david_orc_2, minmay_liquid_box, uniq_prince_ribbit1
D:10:     layout_roguey, nicolae_ru_awakened_eye, serial_shops, shop, pond,
          uniq_grum, uniq_snorg
D:11:     layout_loops_cross, kennysheep_path_1, cheibrodos_ashenzari_chains
D:12:     minmay_spiral_squares, layout_loops_ring, serial_undead,
          serial_undead_a, serial_undead_b, serial_undead_b, serial_undead_c,
          serial_undead_a, serial_undead_e, serial_undead_b
Temple:   hellmonk_temple_divided_pantheon

Skill      XL: |  1  2  3  4  5  6  7  8  9 10 11 |
---------------+----------------------------------+-----
Stealth        | 1 2 3 4 5 6 7 8 |  8.5
Fighting       | 3 4 5 6 7 9 10 11 | 11.3
Dodging        | 3 4 5 6 8 9 10 | 10.4
Ranged Weapons | 5 6 7 9 10 11 | 11.1

Action                     |  1- 3 |  4- 6 |  7- 9 | 10-12 || total
---------------------------+-------+-------+-------+-------++-------
  Melee: Great sword       |       |     4 |    70 |    20 ||    94
         Headbutt          |       |       |    11 |     7 ||    18
   Fire: Shortbow          |    86 |   186 |   198 |    30 ||   500
         Arbalest          |       |       |       |   320 ||   320
 Invoke: Call Merchant     |       |       |       |     1 ||     1
  Evoke: Wand              |       |       |     2 |    22 ||    24
    Use: Scroll            |     4 |     7 |    10 |     6 ||    27
         Potion            |       |       |     1 |     8 ||     9
 Armour: Leather armour    |    29 |    49 |    78 |   109 ||   265
  Dodge: Dodged            |    18 |    62 |   202 |   303 ||   585
  Block: Other             |       |     8 |    42 |    56 ||   106
         Reflection        |       |     2 |     1 |     3 ||     6

Table legend: (Time is in decaauts)
 A = Elapsed time spent in this place.
 B = Non-inter-level travel time spent in this place.
 C = Inter-level travel time spent in this place.
 D = Time resting spent in this place.
 E = Time spent auto-exploring this place.
 F = Levels seen in this place.
 G = Mean time per level.
                   A        B        C        D        E       F      G
               +--------+--------+--------+--------+--------+-----+--------+
         Total |  10714 |  10410 |    304 |    775 |   7422 |  13 |  824.2 |
       Dungeon |  10688 |  10384 |    304 |    775 |   7422 |  12 |  890.7 |
        Temple |     25 |     25 |      0 |      0 |      0 |   1 |   25.0 |
               +--------+--------+--------+--------+--------+-----+--------+

Top non-repeatable levels by time:
     D:9: 1420 daAuts
     D:8: 1366 daAuts
     D:3: 1227 daAuts
     D:6: 1159 daAuts
    D:10: 1024 daAuts
     D:7: 878 daAuts
    D:11: 856 daAuts
     D:1: 708 daAuts
     D:4: 702 daAuts
     D:2: 692 daAuts
     D:5: 597 daAuts
    D:12: 53 daAuts
  Temple: 25 daAuts

Levels and vault maps discovered:
D:1:      psy_arrival_spokes, layout_rooms
D:2:      cheibrodos_pilgrimage, layout_rooms,
          shapermc_ecumenical_altar_notcrosses
D:3:      layout_loops_corners
D:4:      layout_rooms, amcnicky_altar_gilded, slow_altar_2,
          minmay_temple_entry_overgrown
D:5:      layout_basic, grunt_temple_overflow_forces_of_nature, serial_shops,
          nicolae_shop_rolled_up
D:6:      minmay_spotlight, layout_basic, nrook_pool_corridor,
          grunt_ministairs_5, nicolae_figureground_sparkle
D:7:      layout_cave_pools, nicolae_tso_besieged_by_evil, serial_shops, shop,
          chequers_serial_rivers_room_b
D:8:      layout_cave_pools, grunt_temple_overflow_opulence,
          makhleb_blood_cavern_becter, david_lair_shrubbed, uniq_joseph,
          uniq_pikel
D:9:      layout_cave_pods, david_orc_2, minmay_liquid_box, uniq_prince_ribbit1
D:10:     layout_roguey, nicolae_ru_awakened_eye, serial_shops, shop, pond,
          uniq_grum, uniq_snorg
D:11:     layout_loops_cross, kennysheep_path_1, cheibrodos_ashenzari_chains
D:12:     minmay_spiral_squares, layout_loops_ring, serial_undead,
          serial_undead_a, serial_undead_b, serial_undead_b, serial_undead_c,
          serial_undead_a, serial_undead_e, serial_undead_b
Temple:   hellmonk_temple_divided_pantheon

Table legend: (Time is in decaauts)
 A = Elapsed time spent in this place.
 B = Non-inter-level travel time spent in this place.
 C = Inter-level travel time spent in this place.
 D = Time resting spent in this place.
 E = Time spent auto-exploring this place.
 F = Levels seen in this place.
 G = Mean time per level.
                   A        B        C        D        E       F      G
               +--------+--------+--------+--------+--------+-----+--------+
         Total |  10714 |  10410 |    304 |    775 |   7422 |  13 |  824.2 |
       Dungeon |  10688 |  10384 |    304 |    775 |   7422 |  12 |  890.7 |
        Temple |     25 |     25 |      0 |      0 |      0 |   1 |   25.0 |
               +--------+--------+--------+--------+--------+-----+--------+

Top non-repeatable levels by time:
     D:9: 1420 daAuts
     D:8: 1366 daAuts
     D:3: 1227 daAuts
     D:6: 1159 daAuts
    D:10: 1024 daAuts
     D:7: 878 daAuts
    D:11: 856 daAuts
     D:1: 708 daAuts
     D:4: 702 daAuts
     D:2: 692 daAuts
     D:5: 597 daAuts
    D:12: 53 daAuts
  Temple: 25 daAuts

Table legend:
 A = Kills in this place as a percentage of kills in the entire game.
 B = Kills by you in this place as a percentage of kills by you in the entire game.
 C = Kills by friends in this place as a percentage of kills by friends in the entire game.
 D = Other kills in this place as a percentage of other kills in the entire game.
 E = Experience gained in this place as a percentage of experience gained in the entire game.
 F = Experience gained in this place divided by the number of levels of this place that you have seen.
                   A       B       C       D       E      F
               +-------+-------+-------+-------+-------+----------------------
         Total | 100.0 | 100.0 |   N/A | 100.0 | 100.0 | 1264.7
       Dungeon | 100.0 | 100.0 |   N/A | 100.0 | 100.0 | 1370.1
               +-------+-------+-------+-------+-------+----------------------
